 Dungeon Crawl Stone Soup version 0.24.0-13-gcf9b319 (webtiles) character file.

Game seed: 9809008820914804000, levelgen mode: deterministic

765 Bronimir the Magician (level 7, 0/37 HPs)
             Began as a Deep Elf Conjurer on Apr 13, 2020.
             Slain by Pikel
             ... wielding a +2 whip of flaming
              (2 damage)
             ... on level 4 of the Dungeon.
             The game lasted 00:12:41 (4703 turns).

Bronimir the Magician (Deep Elf Conjurer)           Turns: 4703, Time: 00:12:42

Health: 0/37       AC:  6    Str:  5    XL:     7   Next: 52%
Magic:  0/19       EV: 12    Int: 22    God:
Gold:   165        SH:  4    Dex: 15    Spells: 2/20 levels left

rFire    . . .     SeeInvis .   a - +0 dagger (protect)
rCold    . . .     Gourm    .   f - +0 buckler
rNeg     . . .     Faith    .   e - +0 leather armour
rPois    .         Spirit   +   (no helmet)
rElec    .         Reflect  .   w - scarf {Spirit}
rCorr    .         Harm     .   u - +2 pair of gloves
MR       .....                  (no boots)
Stlth    ++........             (no amulet)
HPRegen  0.12/turn              (no ring)
MPRegen  0.16/turn              (no ring)

@: no status effects
A: no striking features
a: no special abilities


You were on level 4 of the Dungeon.
You were hungry.

You visited 1 branch of the dungeon, and saw 4 of its levels.

You collected 165 gold pieces.

Inventory:

Hand Weapons
 a - a +0 dagger of protection (weapon)
Missiles
 g - 71 stones (quivered)
 k - 18 sling bullets
Armour
 d - a cursed +0 ring mail
 e - a +0 leather armour (worn)
 f - a +0 buckler (worn)
 t - a +0 cloak
 u - a +2 pair of gloves (worn)
 v - a +0 robe
 w - a scarf of spirit shield (worn)
Scrolls
 h - a scroll of enchant weapon {unknown}
 i - a scroll of amnesia {unknown}
 j - 6 scrolls of identify {unknown}
 l - 2 scrolls of blinking {unknown}
 m - a scroll of magic mapping {unknown}
 n - a scroll of noise {unknown}
 p - a scroll of teleportation {unknown}
 r - a scroll of fog {unknown}
Potions
 b - a potion of heal wounds
 q - a potion of curing {unknown}
 s - a potion of agility {unknown}
Comestibles
 c - 5 rations
 o - 3 chunks of flesh


   Skills:
 + Level 0.5 Fighting
 + Level 0.1 Short Blades
 * Level 2.3 Armour
 + Level 3.1 Dodging
 - Level 2.4 Stealth
 * Level 2.1 Shields
 * Level 7.1 Spellcasting
 * Level 6.7 Conjurations
 * Level 1.2 Hexes


You had 2 spell levels left.
You knew the following spells:

 Your Spells              Type           Power        Failure   Level  Hunger
a - Magic Dart            Conj           ####         1%          1    None
b - Searing Ray           Conj           #####.       1%          2    None
c - Dazzling Spray        Conj/Hex       ####..       10%         3    None
d - Iskenderun's Mystic   Conj           #####...     11%         4    ###....
e - Force Lance           Conj/Tloc      ###.....     38%         4    ###....
f - Fulminant Prism       Conj/Hex       ####......   32%         4    ###....

Your spell library contained the following spells:

 Spells                   Type           Power        Failure   Level  Hunger


Dungeon Overview and Level Annotations

Branches:
Dungeon (4/15)
 Temple: D:4-7

Altars:

Annotations:
D:4 Pikel


Message History

* * * LOW HITPOINT WARNING * * *
Pikel burns you.
* * * LOW HITPOINT WARNING * * *
Casting: Searing Ray (safe; 1% risk of failure)
Confirm with . or Enter, or press ? or * to list all spells.
Aiming: Magic Dart (safe; 1% risk of failure)
Press: ? - help, Shift-Dir - straight line, f/p - Pikel
Aim: Pikel, wielding a +2 whip of flaming and wearing a +0 robe (severely wounded)
The magic dart hits Pikel.
Pikel is severely wounded.
Pikel hits you with a +2 whip of flaming.
* * * LOW HITPOINT WARNING * * *
Pikel burns you.
* * * LOW HITPOINT WARNING * * *
There is a stone staircase leading up here.
You are feeling hungry.
Pikel hits you with a +2 whip of flaming!
* * * LOW HITPOINT WARNING * * *
Pikel burns you.
You die...

. ........## ##...## .
...[..... ##.## . ....#
#.# # .... #.# # ##.#
####.# # ###..#### #....#
# #..p....###########
#.#### #
##.##.##.....K.....# #.# #
#..##.##.###.#@###.###.#
#.K#.##.p.p..p.#.........#
#p##.#####.##......#.#####
).....####.###.#..##.#
##.........###.......#
##.#...#.#.......#####
#>....รท.#########
#.......# #.......#


You could see Pikel.

Vanquished Creatures
  Grinder (D:3)
  Menkaure (D:4)
  An orc priest (D:3)
  5 orc wizards
  A worker ant (D:4)
  A worker ant zombie (D:3)
  7 gnolls
  6 adders
  A howler monkey skeleton (D:4)
  An ooze (D:1)
  3 worms
  2 dart slugs (D:3)
  2 leopard geckos
  12 orcs
  8 bats
  5 giant cockroaches
  7 goblins
  5 hobgoblins
  3 jackals (D:3)
  A quokka (D:3)
  4 ball pythons
  5 frilled lizards
  9 kobolds
  A leopard gecko skeleton (D:4)
  8 rats
100 creatures vanquished.

Notes
Turn   | Place    | Note
-------+----------+-------------------------------------------
     0 | D:1      | Bronimir the Deep Elf Conjurer began the quest for the Orb.
     0 | D:1      | Reached XP level 1. HP: 10/10 MP: 6/6
   268 | D:1      | Reached XP level 2. HP: 15/15 MP: 6/8
   554 | D:1      | Reached skill level 5 in Conjurations
   638 | D:1      | You fall into a shaft and drop 1 floor!
   672 | D:2      | Reached XP level 3. HP: 19/19 MP: 4/9
   746 | D:2      | Learned a level 2 spell: Searing Ray
   750 | D:2      | Learned a level 3 spell: Dazzling Spray
   912 | D:2      | You fall into a shaft and drop 1 floor!
   972 | D:2      | Reached skill level 1 in Shields
  1211 | D:2      | Reached XP level 4. HP: 24/24 MP: 6/10
  1749 | D:2      | Learned a level 4 spell: Iskenderun's Mystic Blast
  2523 | D:3      | Reached skill level 4 in Spellcasting
  2682 | D:3      | Noticed Grinder
  2683 | D:3      | Reached XP level 5. HP: 28/28 MP: 8/13
  2826 | D:3      | Killed Grinder
  2826 | D:3      | Reached skill level 1 in Armour
  2826 | D:3      | Reached skill level 5 in Spellcasting
  2826 | D:3      | Reached XP level 6. HP: 32/32 MP: 6/16
  3154 | D:3      | Learned a level 4 spell: Force Lance
  3306 | D:3      | Reached skill level 6 in Spellcasting
  3407 | D:3      | Reached XP level 7. HP: 37/37 MP: 10/18
  3413 | D:3      | Learned a level 4 spell: Fulminant Prism
  4268 | D:4      | Noticed Menkaure
  4302 | D:4      | Killed Menkaure
  4302 | D:4      | Reached skill level 1 in Hexes
  4546 | D:4      | Reached skill level 7 in Spellcasting
  4658 | D:4      | Noticed Pikel
  4703 | D:4      | Slain by Pikel

Levels and vault maps discovered:
D:1:      lemuel_arrival_broad_hall, layout_basic, minmay_pentomino_q2
D:2:      layout_basic
D:3:      layout_basic, st_stairs_5, uniq_grinder
D:4:      layout_loops_cross, serial_shops, shop_statue, first_ration,
          uniq_pikel, uniq_menkaure, uniq_edmund, uniq_robin

Skill      XL: |  1  2  3  4  5  6  7 |
---------------+----------------------+-----
Conjurations   | 5 6 |  6.7
Shields        | 1 2 |  2.1
Spellcasting   | 4 5 6 7 |  7.1
Armour         | 1 2 |  2.3
Dodging        | 3 |  3.1
Hexes          | 1 |  1.2
Fighting       | |  0.5
Short Blades   | |  0.1
Stealth        | |  2.4

Action                   |  1- 3 |  4- 6 |  7- 9 || total
-------------------------+-------+-------+-------++-------
Melee: Dagger            |       |       |    25 ||    25
 Cast: Magic Dart        |    56 |    59 |    40 ||   155
       Searing Ray       |     2 |    13 |     9 ||    24
  Use: Potion            |       |       |     3 ||     3
  Eat: Chunk             |     1 |     7 |     3 ||    11
Armor: Robe              |     1 |       |       ||     1
       Leather armour    |     1 |     8 |     8 ||    17
Dodge: Dodged            |    16 |    16 |    20 ||    52
Block: Buckler           |     4 |     8 |     5 ||    17
